[ AOE2 MATCH · #507122414 ]
UnrankedSpanish vs Poles
Player's team · WIN
Rival team · LOSS
[ REPLAY ANALYSIS · EXTRACTED FROM THE RECORDED GAME ]
Feudal
11:22
Castle
15:51
Imperial
35:13
| APM avg | 89.8 |
| APM peak | 151 |
| eAPM avg | 41.5 |
| Villagers / military | 197 / 164 |
Focus
⚔️ 30.5% · 🌾 69.5%
Knight ×88 · Skirmisher ×52 · Conquistador ×10 · Trebuchet (Packed) ×8 · Monk ×4 · Battering Ram ×2
Feudal
11:28
Castle
20:59
Imperial
32:43
| APM avg | 77.9 |
| APM peak | 165 |
| eAPM avg | 41.2 |
| Villagers / military | 168 / 140 |
Focus
⚔️ 61.1% · 🌾 38.9%
Cavalry Archer ×49 · Spearman ×27 · Scout Cavalry ×22 · Skirmisher ×21 · Obuch ×8 · Trebuchet (Packed) ×5
Match map
Initial resources + every placement click. Lines = walls · curves = elevation contours. ◆ gold · ⬟ stone · ● berries · ✦ relic · ◌ wall gap
Your base· Open — opponent sealed themselves in
VL Tou's base· ✓ Closed at 20:59 · 58t walls · 1 gate(s)
Smoothed initial terrain · ◌ = detected wall gap · hover for details
Inputs per minute
— CO[M]BO - - VL Tou
Build order — CO[M]BO
First 150 of 599 actions detected
| 0:01 | Create | Villager (Male) |
| 0:01 | Create | Villager (Male) |
| 0:02 | Create | Villager (Male) |
| 0:02 | Create | Villager (Male) |
| 0:02 | Create | Villager (Male) |
| 0:02 | Create | Villager (Male) |
| 0:03 | Build | House |
| 0:04 | Build | House |
| 1:25 | Create | Villager (Male) |
| 2:04 | Create | Villager (Male) |
| 2:14 | Build | Lumber Camp |
| 2:20 | Create | Villager (Male) |
| 2:49 | Create | Villager (Male) |
| 3:05 | Create | Villager (Male) |
| 3:40 | Create | Villager (Male) |
| 3:40 | Create | Villager (Male) |
| 3:54 | Create | Villager (Male) |
| 4:08 | Build | House |
| 4:32 | Create | Villager (Male) |
| 4:33 | Create | Villager (Male) |
| 4:38 | Build | House |
| 4:51 | Build | Mill |
| 4:53 | Create | Villager (Male) |
| 4:59 | Create | Villager (Male) |
| 5:42 | Create | Villager (Male) |
| 6:01 | Create | Villager (Male) |
| 6:13 | Create | Villager (Male) |
| 6:28 | Create | Villager (Male) |
| 6:47 | Build | Palisade Wall |
| 7:17 | Create | Villager (Male) |
| 7:34 | Build | Palisade Gate |
| 7:51 | Create | Villager (Male) |
| 8:20 | Build | Mining Camp |
| 8:22 | Create | Villager (Male) |
| 8:24 | Research | Loom |
| 8:31 | Build | House |
| 8:33 | Build | Palisade Wall |
| 8:35 | Build | Palisade Wall |
| 8:39 | Build | Palisade Wall |
| 8:55 | Research | Feudal Age |
| 10:22 | Create | Villager (Male) |
| 10:24 | Create | Villager (Male) |
| 11:10 | Build | Farm |
| 11:11 | Build | Farm |
| 11:15 | Build | Farm |
| 11:22 | Age | Feudal Age |
| 11:26 | Build | Market |
| 12:15 | Create | Villager (Male) |
| 12:23 | Build | Blacksmith |
| 12:35 | Create | Villager (Male) |
| 13:11 | Research | Castle Age |
| 13:44 | Build | Farm |
| 13:45 | Research | Double-Bit Axe |
| 14:00 | Build | House |
| 14:12 | Build | House |
| 14:33 | Build | Farm |
| 15:02 | Build | House |
| 15:29 | Create | Villager (Male) |
| 15:42 | Build | House |
| 15:44 | Build | Palisade Wall |
| 15:51 | Age | Castle Age |
| 15:55 | Build | House |
| 16:21 | Build | Castle |
| 16:32 | Create | Villager (Male) |
| 16:34 | Build | Farm |
| 16:35 | Build | Farm |
| 16:50 | Build | Mining Camp |
| 16:52 | Build | Farm |
| 16:54 | Build | Farm |
| 17:10 | Create | Conquistador |
| 17:11 | Create | Conquistador |
| 17:12 | Create | Villager (Male) |
| 17:27 | Create | Villager (Male) |
| 17:28 | Create | Villager (Male) |
| 17:29 | Build | Farm |
| 17:31 | Build | Farm |
| 17:33 | Build | Farm |
| 18:15 | Create | Conquistador |
| 18:15 | Create | Conquistador |
| 18:16 | Create | Villager (Male) |
| 18:18 | Create | Villager (Male) |
| 18:26 | Create | Conquistador |
| 18:33 | Create | Villager (Male) |
| 18:48 | Create | Villager (Male) |
| 19:03 | Create | Villager (Male) |
| 19:06 | Create | Villager (Male) |
| 19:08 | Build | Farm |
| 19:09 | Build | Farm |
| 19:11 | Build | Farm |
| 19:24 | Create | Conquistador |
| 19:29 | Research | Padded Archer Armor |
| 19:29 | Research | Padded Archer Armor |
| 19:30 | Create | Villager (Male) |
| 19:38 | Build | Farm |
| 19:50 | Create | Conquistador |
| 19:51 | Create | Villager (Male) |
| 19:54 | Create | Villager (Male) |
| 20:23 | Create | Conquistador |
| 20:23 | Create | Villager (Male) |
| 20:33 | Build | Monastery |
| 20:43 | Create | Villager (Male) |
| 20:49 | Create | Villager (Male) |
| 20:56 | Research | Horse Collar |
| 20:56 | Research | Horse Collar |
| 21:03 | Create | Villager (Male) |
| 21:17 | Create | Monk |
| 21:20 | Build | Farm |
| 21:24 | Build | Farm |
| 21:24 | Build | Farm |
| 21:33 | Create | Villager (Male) |
| 21:38 | Create | Conquistador |
| 21:40 | Create | Villager (Male) |
| 21:42 | Build | Farm |
| 21:42 | Build | Farm |
| 21:56 | Create | Monk |
| 21:57 | Create | Villager (Male) |
| 22:23 | Create | Monk |
| 22:25 | Create | Conquistador |
| 22:26 | Create | Villager (Male) |
| 22:46 | Create | Villager (Male) |
| 22:51 | Create | Monk |
| 23:02 | Create | Villager (Male) |
| 23:19 | Create | Villager (Male) |
| 23:28 | Build | Town Center |
| 23:54 | Create | Villager (Male) |
| 23:57 | Research | Wheelbarrow |
| 24:01 | Research | Bow Saw |
| 24:02 | Research | Bow Saw |
| 24:02 | Research | Bow Saw |
| 24:13 | Build | Lumber Camp |
| 24:16 | Create | Villager (Male) |
| 24:30 | Create | Villager (Male) |
| 24:37 | Create | Villager (Male) |
| 24:49 | Build | Farm |
| 24:50 | Build | Farm |
| 24:59 | Create | Villager (Male) |
| 25:21 | Create | Villager (Male) |
| 25:24 | Create | Villager (Male) |
| 25:30 | Build | Town Center |
| 25:38 | Create | Villager (Male) |
| 25:49 | Create | Villager (Male) |
| 25:59 | Create | Villager (Male) |
| 26:00 | Create | Villager (Male) |
| 26:05 | Build | Farm |
| 26:05 | Create | Villager (Male) |
| 26:14 | Research | Heavy Plow |
| 26:23 | Create | Villager (Male) |
| 26:46 | Build | Farm |
| 26:47 | Create | Villager (Male) |
| 26:49 | Create | Villager (Male) |
Build order — VL Tou
First 150 of 531 actions detected
| 0:01 | Create | Villager (Male) |
| 0:01 | Create | Villager (Male) |
| 0:01 | Create | Villager (Male) |
| 0:01 | Create | Villager (Male) |
| 0:02 | Create | Villager (Male) |
| 0:03 | Build | House |
| 0:04 | Build | House |
| 1:13 | Create | Villager (Male) |
| 1:13 | Create | Villager (Male) |
| 1:40 | Create | Villager (Male) |
| 1:40 | Create | Villager (Male) |
| 2:03 | Build | Lumber Camp |
| 2:21 | Create | Villager (Male) |
| 2:21 | Create | Villager (Male) |
| 2:39 | Create | Villager (Male) |
| 2:39 | Create | Villager (Male) |
| 3:07 | Create | Villager (Male) |
| 3:07 | Create | Villager (Male) |
| 3:37 | Create | Villager (Male) |
| 3:37 | Create | Villager (Male) |
| 3:51 | Build | House |
| 3:55 | Create | Villager (Male) |
| 3:55 | Create | Villager (Male) |
| 4:09 | Build | Palisade Wall |
| 4:10 | Build | Palisade Wall |
| 4:30 | Create | Villager (Male) |
| 4:30 | Create | Villager (Male) |
| 4:43 | Build | Barracks |
| 4:47 | Create | Villager (Male) |
| 4:47 | Create | Villager (Male) |
| 4:58 | Create | Villager (Male) |
| 4:58 | Create | Villager (Male) |
| 5:35 | Create | Militia |
| 5:35 | Create | Militia |
| 5:51 | Build | House |
| 5:52 | Build | House |
| 6:03 | Create | Villager (Male) |
| 6:07 | Create | Militia |
| 6:21 | Build | Mill |
| 6:30 | Build | Palisade Wall |
| 6:31 | Create | Villager (Male) |
| 6:55 | Create | Villager (Male) |
| 7:04 | Build | House |
| 7:07 | Build | Palisade Wall |
| 7:10 | Build | Palisade Wall |
| 7:20 | Create | Villager (Male) |
| 7:31 | Build | Farm |
| 7:54 | Build | Palisade Wall |
| 7:59 | Build | Palisade Wall |
| 8:11 | Build | Palisade Wall |
| 8:17 | Create | Villager (Male) |
| 8:51 | Research | Loom |
| 8:51 | Research | Loom |
| 9:18 | Research | Feudal Age |
| 9:19 | Research | Feudal Age |
| 9:23 | Build | Mill |
| 9:27 | Build | Mill |
| 9:34 | Build | Lumber Camp |
| 9:41 | Build | Palisade Wall |
| 9:58 | Build | Farm |
| 10:08 | Build | Farm |
| 10:40 | Build | Mining Camp |
| 10:44 | Create | Villager (Male) |
| 11:16 | Build | Palisade Gate |
| 11:19 | Create | Villager (Male) |
| 11:28 | Age | Feudal Age |
| 11:30 | Create | Spearman |
| 11:31 | Research | Double-Bit Axe |
| 11:32 | Research | Horse Collar |
| 11:32 | Research | Horse Collar |
| 11:51 | Create | Villager (Male) |
| 12:01 | Build | Farm |
| 12:12 | Create | Villager (Male) |
| 12:21 | Build | Farm |
| 12:22 | Build | Farm |
| 12:31 | Build | Farm |
| 12:33 | Create | Villager (Male) |
| 12:54 | Create | Villager (Male) |
| 12:56 | Build | Mining Camp |
| 13:06 | Build | Watch Tower |
| 13:19 | Create | Villager (Male) |
| 13:38 | Research | Man-at-Arms (upgrade) |
| 13:41 | Create | Villager (Male) |
| 13:52 | Build | Farm |
| 14:11 | Create | Spearman |
| 14:34 | Build | Blacksmith |
| 14:53 | Create | Villager (Male) |
| 15:22 | Research | Fletching |
| 15:23 | Create | Villager (Male) |
| 15:40 | Build | Watch Tower |
| 16:01 | Create | Villager (Male) |
| 16:08 | Build | Stone Wall |
| 16:18 | Build | Farm |
| 16:29 | Build | Stone Wall |
| 16:29 | Build | Stone Wall |
| 16:37 | Create | Villager (Male) |
| 16:54 | Build | Market |
| 16:55 | Build | Stone Wall |
| 17:19 | Build | Market |
| 17:21 | Build | Stone Wall |
| 17:26 | Build | Stone Wall |
| 17:28 | Build | Stone Wall |
| 17:31 | Build | Stone Wall |
| 17:31 | Build | Stone Wall |
| 17:54 | Create | Villager (Male) |
| 18:13 | Research | Castle Age |
| 18:13 | Research | Castle Age |
| 18:17 | Build | Watch Tower |
| 18:57 | Create | Villager (Male) |
| 19:00 | Build | Stone Wall |
| 19:01 | Build | Stone Wall |
| 19:07 | Research | Gold Mining |
| 19:45 | Build | Watch Tower |
| 20:33 | Create | Villager (Male) |
| 20:54 | Build | Watch Tower |
| 20:59 | Age | Castle Age |
| 21:03 | Build | University |
| 21:05 | Research | Bodkin Arrow |
| 21:07 | Research | Bow Saw |
| 21:12 | Build | Town Center |
| 21:26 | Build | Monastery |
| 21:27 | Create | Villager (Male) |
| 21:40 | Create | Villager (Male) |
| 21:51 | Create | Monk |
| 21:57 | Build | Watch Tower |
| 22:06 | Create | Villager (Male) |
| 22:29 | Build | Town Center |
| 22:43 | Create | Villager (Male) |
| 22:50 | Create | Villager (Male) |
| 22:55 | Build | Farm |
| 22:57 | Create | Villager (Male) |
| 23:04 | Build | Farm |
| 23:20 | Create | Villager (Male) |
| 23:23 | Build | Farm |
| 23:31 | Build | Farm |
| 23:38 | Research | Heavy Plow |
| 23:38 | Research | Heavy Plow |
| 23:39 | Create | Villager (Male) |
| 23:49 | Build | Gate |
| 23:54 | Create | Villager (Male) |
| 23:58 | Create | Villager (Male) |
| 24:13 | Build | Farm |
| 24:14 | Build | Farm |
| 24:15 | Create | Villager (Male) |
| 24:19 | Create | Villager (Male) |
| 24:19 | Create | Villager (Male) |
| 24:19 | Create | Villager (Male) |
| 24:21 | Build | Farm |
| 24:24 | Build | Farm |
| 24:34 | Build | Watch Tower |
Match timeline
| 4:09 | VL Tou · wall_segment Palisade Wall x1 |
| 4:10 | VL Tou · wall_segment Palisade Wall x1 |
| 4:43 | VL Tou · first_building Barracks |
| 6:30 | VL Tou · wall_segment Palisade Wall x6 |
| 6:47 | CO[M]BO · wall_segment Palisade Wall x11 |
| 7:07 | VL Tou · wall_segment Palisade Wall x1 |
| 7:10 | VL Tou · wall_segment Palisade Wall x2 |
| 7:54 | VL Tou · wall_segment Palisade Wall x3 |
| 7:59 | VL Tou · wall_segment Palisade Wall x9 |
| 8:11 | VL Tou · wall_segment Palisade Wall x4 |
| 8:33 | CO[M]BO · wall_segment Palisade Wall x3 |
| 8:35 | CO[M]BO · wall_segment Palisade Wall x2 |
| 8:39 | CO[M]BO · wall_segment Palisade Wall x8 |
| 9:41 | VL Tou · wall_segment Palisade Wall x6 |
| 11:22 | CO[M]BO · age_up feudal |
| 11:28 | VL Tou · age_up feudal |
| 13:08 | CO[M]BO · first_market_sell 100 stone |
| 15:44 | CO[M]BO · wall_segment Palisade Wall x1 |
| 15:51 | CO[M]BO · age_up castle |
| 16:07 | CO[M]BO · first_market_buy 100 stone |
| 16:08 | VL Tou · wall_segment Stone Wall x16 |
| 16:21 | CO[M]BO · first_building Castle |
| 16:29 | VL Tou · wall_segment Stone Wall x1 |
| 16:29 | VL Tou · wall_segment Stone Wall x1 |
| 16:55 | VL Tou · wall_segment Stone Wall x1 |
| 17:21 | VL Tou · wall_segment Stone Wall x1 |
| 17:26 | VL Tou · wall_segment Stone Wall x1 |
| 17:28 | VL Tou · wall_segment Stone Wall x1 |
| 17:31 | VL Tou · wall_segment Stone Wall x1 |
| 17:31 | VL Tou · wall_segment Stone Wall x1 |
| 19:00 | VL Tou · wall_segment Stone Wall x3 |
| 19:01 | VL Tou · wall_segment Stone Wall x1 |
| 20:33 | CO[M]BO · first_building Monastery |
| 20:42 | VL Tou · first_market_buy 100 wood |
| 20:59 | VL Tou · age_up castle |
| 21:26 | VL Tou · first_building Monastery |
| 22:22 | VL Tou · first_market_sell 100 food |
| 25:25 | VL Tou · first_building Siege Workshop |
| 27:31 | CO[M]BO · first_building Barracks |
| 27:32 | VL Tou · first_building Archery Range |
| 28:18 | CO[M]BO · first_building Stable |
| 29:16 | CO[M]BO · first_building Siege Workshop |
| 32:43 | VL Tou · age_up imperial |
| 33:09 | VL Tou · first_building Castle |
| 35:04 | VL Tou · first_building Stable |
| 35:13 | CO[M]BO · age_up imperial |
| 37:13 | CO[M]BO · first_building Archery Range |
| 38:01 | VL Tou · wall_segment Stone Wall x1 |
| 38:17 | VL Tou · wall_segment Stone Wall x1 |
| 38:33 | VL Tou · wall_segment Stone Wall x1 |
| 38:59 | VL Tou · wall_segment Stone Wall x1 |
| 41:45 | CO[M]BO · wall_segment Stone Wall x1 |
| 45:16 | VL Tou · resign |
[ AI ANALYSIS · 1 CREDIT ]
What really happened in this match?
Wolo.gg analyzes every decision: build order, eco, micro, common mistakes by bracket. Personalized analysis on WhatsApp or Discord in 30 seconds.
Civ guide
Spanish
Perfil
Jugador #5656426